 Dungeon Crawl Stone Soup version 0.28-a0-94-g325244837d (webtiles) character file.

Game seed: 6631606959260111786

165 pokeman the Magician (level 5, -6/29 HPs)
             Began as a Deep Elf Hedge Wizard on Aug 7, 2021.
             Asphyxiated
             ... in a sewer.
             The game lasted 00:06:37 (4344 turns).

pokeman the Magician (Deep Elf Hedge Wizard)        Turns: 4344, Time: 00:06:38

Health: -6/29      AC:  6    Str:  7    XL:     5   Next: 21%
Magic:  7/15       EV: 12    Int: 20    God:
Gold:   94         SH:  0    Dex: 14    Spells: 5/16 levels left

rFire   . . .      SeeInvis .   h - +0 spear
rCold   . . .      Faith    .   (no shield)
rNeg    . . .      Spirit   .   i - +0 leather armour
rPois   .          Reflect  .   a - +0 helmet
rElec   .          Harm     .   b - +0 cloak
rCorr   .          Rampage  .   q - +0 pair of gloves
Will    .....                   (no boots)
Stlth   +.........              (no amulet)
HPRegen 0.09/turn               (no ring)
MPRegen 0.14/turn               (no ring)

@: lethally poisoned (-6 -> -23), slowed, very slow
A: no striking features
a: no special abilities


You were in a sewer.
You visited 1 branch of the dungeon, and saw 4 of its levels.
You also visited: Sewer.

You collected 94 gold pieces.

Inventory:

Hand Weapons
 h - a +0 spear (weapon)
Missiles
 d - 36 arrows
 l - 13 bolts
Armour
 a - a +0 helmet (worn)
 b - a +0 cloak (worn)
 i - a +0 leather armour (worn)
 q - a +0 pair of gloves (worn)
Scrolls
 e - 2 scrolls of identify
 f - a scroll of magic mapping
 g - 4 scrolls of teleportation {unknown}
 k - 2 scrolls of acquirement {unknown}
 p - a scroll of blinking {unknown}
Potions
 c - a potion of invisibility {unknown}
 j - a potion of berserk rage {unknown}
 m - a potion of degeneration {unknown}
 n - a potion of flight {unknown}
 o - 2 potions of curing {unknown}
 r - a potion of mutation {unknown}
 s - a potion of brilliance {unknown}


   Skills:
 - Level 1.0 Fighting
 - Level 1.0 Armour
 - Level 3.0 Dodging
 + Level 2.6 Stealth
 * Level 6.2 Spellcasting
 + Level 2.5 Conjurations
 - Level 1.1 Summonings
 - Level 1.1 Translocations
 - Level 1.1 Fire Magic
 + Level 0.2 Air Magic


You had 5 spell levels left.
You knew the following spells:

 Your Spells              Type           Power      Damage    Failure   Level
a - Magic Dart            Conj           64%        1d6       5%          1
b - Mephitic Cloud        Conj/Pois/Air  9%         N/A       30%         3
c - Call Imp              Summ           10%        N/A       14%         2
d - Blink                 Tloc           N/A        N/A       14%         2
e - Conjure Flame         Conj/Fire      13%        6-21      22%         3

Your spell library contained the following spells:

 Spells                   Type           Power      Damage    Failure   Level
 Summon Small Mammal      Summ           40%        N/A       10%         1
 Slow                     Hex            6%         N/A       22%         2
 Call Canine Familiar     Summ           10%        N/A       28%         3
 Summon Guardian Golem    Hex/Summ       8%         N/A       34%         3


Dungeon Overview and Level Annotations

Branches:
Dungeon (4/15)              Sewer (1/1)
 Temple: D:4-7

Altars:


Message History

You feel very sick.
The kobold brigand is engulfed in noxious fumes.
The kobold brigand appears confused.
The kobold brigand gestures wildly.
The kobold brigand hits you with a +0 short sword.
Reach: h) +0 spear
Press: ? - help, Dir - move target, f/p - kobold brigand
Aim: a kobold brigand, wielding a +0 short sword and quivering curare-tipped darts (confused, about 25% to evade your +0 spear)
You hit the kobold brigand but do no damage.
You feel sick. The kobold brigand barely misses you.
Unknown command.
Reach: h) +0 spear
Press: ? - help, Dir - move target, f/p - kobold brigand
Aim: a kobold brigand, wielding a +0 short sword and quivering curare-tipped darts (confused, about 25% to evade your +0 spear)
Your unstable footing causes you to fumble your attack.
You feel sick. The kobold brigand barely misses you.
Unknown command.
You feel sick.
You are no longer poisoned.
The kobold brigand seems less confused.
The kobold brigand barely misses you. x2
Casting: Mephitic Cloud (extremely dangerous; 30% risk of failure)
Confirm with . or Enter, or press ? or * to list all spells.
The spell is quite dangerous to cast (22% risk of failure)!
Continue anyway? [Y]es or [N]o only, please.
The spell is quite dangerous to cast (22% risk of failure)!
Continue anyway?
The fire begins to smoulder!
The kobold brigand hits you with a +0 short sword!
* * * LOW HITPOINT WARNING * * *
An endoplasm comes into view.
Unknown command.
You enter the shallow water.
Moving in this stuff is going to be slow.
The endoplasm quivers.
The kobold brigand closely misses you. The kobold brigand misses you.
The kobold brigand barely misses you.
The fire ignites!
The kobold brigand throws a curare-tipped dart.
The curare-tipped dart hits you.
You are lethally poisoned!
You have difficulty breathing.
You die...

..≈.≈≈≈≈.≈≈≈ ...≈≈.≈.≈≈≈#
..∩..≈..≈≈≈# ≈....≈≈.≈≈≈#
..∩......≈≈# ≈≈.......≈≈##
### ..≈≈...≈....##
#####.≈)≈.
≈.≈≈..≈##.≈≈.####§K≈≈≈#
≈.≈..≈####≈≈...≈@≈###≈≈≈≈.
....≈.## #≈≈≈≈≈.J≈# ###
..≈≈≈≈.####≈...≈≈≈#
≈≈≈≈..≈..########≈≈≈≈≈
#####.≈.≈.# #####.≈
##..≈.# ##≈.≈# #.≈≈# #.≈.#


You could see a kobold brigand and an endoplasm.

Vanquished Creatures
  A hound skeleton (D:4)
  2 adders (D:2)
  4 gnolls (D:3)
  A river rat (Sewer)
  2 worms (D:3)
  3 dart slugs
  3 orcs (D:3)
  5 ball pythons
  6 bats
  4 endoplasms
  A giant cockroach (D:1)
  5 goblins
  7 hobgoblins
  4 jackals (D:3)
  8 kobolds
  3 quokkas
  5 frilled lizards
  6 rats
70 creatures vanquished.

Vanquished Creatures (collateral kills)
  An endoplasm (D:3)
1 creature vanquished.

Vanquished Creatures (others)
  A fungus (D:1)
  4 plants (D:4)
5 creatures vanquished.

Grand Total: 76 creatures vanquished

Notes
Turn   | Place    | Note
-------+----------+-------------------------------------------
     0 | D:1      | pokeman the Deep Elf Hedge Wizard began the quest for the
                  | Orb.
     0 | D:1      | Reached XP level 1. HP: 10/10 MP: 7/7
   618 | D:1      | Reached XP level 2. HP: 15/15 MP: 5/9
   865 | D:1      | Found a faded altar of an unknown god.
  1129 | D:1      | Reached skill level 5 in Spellcasting
  1484 | D:1      | Reached XP level 3. HP: 20/20 MP: 9/11
  1488 | D:1      | Learned a level 3 spell: Mephitic Cloud
  1491 | D:1      | Learned a level 2 spell: Call Imp
  1494 | D:1      | Learned a level 2 spell: Blink
  1498 | D:1      | Learned a level 3 spell: Conjure Flame
  2046 | D:2      | Reached skill level 1 in Armour
  2237 | D:2      | Reached skill level 1 in Fighting
  2681 | D:3      | Reached XP level 4. HP: 25/25 MP: 1/13
  3096 | D:3      | Reached skill level 1 in Fire Magic
  3637 | D:3      | Reached skill level 6 in Spellcasting
  4038 | D:4      | Reached XP level 5. HP: 29/29 MP: 3/15
  4067 | D:4      | Found a glowing drain.
  4080 | Sewer    | Entered a sewer
  4342 | Sewer    | HP: 1/29 [kobold brigand (7)]
  4344 | Sewer    | Asphyxiated

Illustrated notes

Levels and vault maps discovered:
D:1:      eino_arrival_water_star, layout_basic,
          dreamdust_ecumenical_altar_hidden_monk_grotto
D:2:      layout_loops_ring, hangedman_abyss_or_decor_stabs
D:3:      layout_basic
D:4:      layout_cave_pools, mainiacjoe_overflow_boulevard,
          portal_sewer_entry_f, enter_ossuary_5, uniq_menkaure
Sewer:    sewer_co_tree

Skill      XL: |  1  2  3  4 |
---------------+-------------+-----
Spellcasting   | 5 6 |  6.2
Armour         | 1 |  1.0
Fighting       | 1 |  1.0
Conjurations   | 2 |  2.5
Fire Magic     | 1 |  1.1
Dodging        | 3 |  3.0
Stealth        | |  2.6
Summonings     | |  1.1
Translocations | |  1.1
Air Magic      | |  0.2

Action                   |  1- 3 |  4- 6 || total
-------------------------+-------+-------++-------
Melee: Dagger            |    15 |       ||    15
       Spear             |     1 |    25 ||    26
 Cast: Magic Dart        |   111 |   110 ||   221
       Conjure Flame     |       |     3 ||     3
       Mephitic Cloud    |       |     3 ||     3
       Call Imp          |       |     1 ||     1
  Use: Scroll            |       |     2 ||     2
 Stab: Sleeping          |     1 |       ||     1
Armor: Robe              |     2 |       ||     2
       Leather armour    |       |    24 ||    24
Dodge: Dodged            |    23 |    57 ||    80

Table legend: (Time is in decaauts)
 A = Elapsed time spent in this place.
 B = Non-inter-level travel time spent in this place.
 C = Inter-level travel time spent in this place.
 D = Time resting spent in this place.
 E = Time spent auto-exploring this place.
 F = Levels seen in this place.
 G = Mean time per level.
                   A        B        C        D        E       F      G
               +--------+--------+--------+--------+--------+-----+--------+
         Total |   4380 |   4237 |    143 |    167 |   3489 |   5 |  876.0 |
       Dungeon |   4087 |   3944 |    143 |    167 |   3236 |   4 | 1021.8 |
         Sewer |    293 |    293 |      0 |      0 |    253 |   1 |  293.0 |
               +--------+--------+--------+--------+--------+-----+--------+

Top non-repeatable levels by time:
     D:1: 1579 daAuts
     D:3: 1347 daAuts
     D:2: 1094 daAuts
   Sewer: 293 daAuts
     D:4: 65 daAuts
